Map: Oxide LE

Players

Xeus - Winner!

  • Race: Protoss Protoss
  • League: Master
  • Spawn Location: 1:00

MarcoMan

  • Race: Terran Terran
  • League: Master
  • Spawn Location: 7:00

VOD

Have the link to the VOD?

Description

Time

  • Played on: Jan. 15, 2021, 10:50 a.m.
  • Length: 11:32
Show
View Real Time Build Order
Export as new Build Order

Xeus Protoss - Winner!

Build Orders:  

Get SALT Encoding   

  12  0:00  Probe  
  13  0:12  Probe  
  14  0:19  Pylon  
  14  0:24  Probe  
  15  0:37  Probe (Chrono Boost)  
  15  0:41  Gateway  
  16  0:49  Assimilator, Probe (Chrono Boost)  
  16  1:21  Probe  
  17  1:30  Zealot  
  19  1:33  Probe  
  19  1:37  Cybernetics Core  
  19  1:38  Assimilator  
  20  1:42  Pylon  
  20  1:45  Probe (Chrono Boost)  
  21  1:57  Zealot  
  21  1:59  Probe (Chrono Boost)  
  21  2:01  Gateway  
  24  2:09  Probe  
  24  2:11  Warp Gate (Chrono Boost)  
  25  2:18  Pylon  
  25  2:25  Robotics Facility  
  25  2:38  Stalker  
  25  2:40  Probe  
  28  3:01  Probe  
  29  3:12  Warp Prism (Chrono Boost)  
  31  3:13  Probe  
  31  3:15  Adept x2  
  36  3:25  Pylon, Probe  
  37  3:35  Pylon  
  37  3:44  Observer (Chrono Boost)  
  36  4:14  Stalker x2  
  40  4:18  Probe  
  41  4:28  Nexus  
  33  5:18  Immortal  
  37  5:24  Stalker  
  37  5:25  Stalker  
  41  5:32  Probe  
  42  5:39  Forge  
  42  5:44  Twilight Council, Probe  
  43  5:51  Probe  
  43  5:56  Probe  
  45  5:59  Robotics Facility  
  45  6:00  Immortal  
  45  6:03  Probe  
  50  6:08  Probe  
  50  6:09  Protoss Ground Weapons Level 1 (Chrono Boost)  
  51  6:16  Probe  
  52  6:20  Probe  
  52  6:22  Assimilator  
  52  6:24  Assimilator  
  53  6:28  Probe  
  54  6:37  Immortal (Chrono Boost)  
  58  6:45  Immortal (Chrono Boost)  
  56  7:09  Immortal  
  56  7:20  Immortal  
  60  7:39  Probe  
  60  7:40  Probe  
  62  7:46  Immortal (Chrono Boost)  
  66  7:52  Probe x2  
  66  7:53  Robotics Bay  
  66  7:56  Pylon  
  66  7:57  Pylon  
  68  8:03  Protoss Ground Weapons Level 2 (Chrono Boost)  
  68  8:13  Immortal (Chrono Boost)  
  68  8:14  Pylon  
  72  8:22  Immortal  
  76  8:36  Blink  
  80  9:02  Colossus x2 (Chrono Boost)  
  86  9:08  Zealot x2  
  92  9:13  Extended Thermal Lance  
  92  9:17  Gateway  
  92  9:19  Gateway  
  92  9:21  Gateway  
  92  9:22  Gateway  
  88  9:58  Observer x2  
  90  10:10  Pylon x2  
  90  10:12  Pylon  
  90  10:27  Colossus x2  
  102  11:17  Zealot x5  
  110  11:26  Nexus  
  110  11:28  Pylon  
  110  11:31  Pylon  
Show
View Real Time Build Order
Export as new Build Order

MarcoMan Terran 

Build Orders: 2 Factory, Cyclone Opening, Gas First Reaper Expand 

Get SALT Encoding   

  12  0:01  SCV  
  13  0:13  SCV  
  14  0:20  Supply Depot  
  14  0:26  Refinery  
  14  0:36  SCV  
  15  0:43  Barracks  
  15  0:48  SCV  
  16  1:00  SCV  
  17  1:12  SCV  
  17  1:24  SCV  
  18  1:30  Reaper  
  19  1:44  Command Center  
  19  1:54  SCV  
  19  1:59  Factory  
  20  2:12  Supply Depot, Barracks Tech Lab  
  20  2:23  Orbital Command  
  20  2:56  Cyclone  
  23  3:02  Refinery  
  23  3:06  SCV  
  23  3:09  Barracks Tech Lab  
  23  3:11  Orbital Command  
  23  3:18  SCV  
  24  3:24  Factory  
  24  3:30  SCV  
  25  3:42  SCV  
  25  3:43  Cyclone  
  29  3:54  SCV  
  30  4:02  SCV  
  31  4:05  Mag-Field Accelerator  
  31  4:06  SCV  
  32  4:14  SCV  
  32  4:15  Refinery  
  33  4:18  SCV  
  34  4:24  Supply Depot  
  34  4:26  SCV  
  34  4:30  SCV  
  36  4:36  Cyclone  
  35  4:58  SCV x2  
  36  5:10  SCV  
  37  5:16  SCV  
  38  5:22  SCV  
  38  5:25  Cyclone  
  38  5:28  SCV  
  43  5:34  SCV  
  44  5:40  SCV  
  45  5:43  Supply Depot  
  45  5:44  Cyclone  
  45  5:46  SCV  
  49  5:52  SCV  
  50  5:58  SCV  
  50  6:01  Cyclone  
  50  6:03  Refinery  
  54  6:05  SCV  
  54  6:06  Supply Depot  
  54  6:10  SCV  
  56  6:16  Barracks Reactor, Supply Depot  
  56  6:17  SCV  
  57  6:18  Cyclone  
  57  6:22  SCV  
  57  6:23  Engineering Bay  
  61  6:29  SCV  
  62  6:33  Cyclone  
  62  6:34  SCV  
  62  6:36  Supply Depot  
  66  6:41  SCV  
  66  6:46  Command Center, SCV  
  68  6:50  Cyclone  
  68  6:52  Missile Turret  
  68  6:53  Missile Turret, SCV  
  72  6:59  SCV  
  73  7:05  SCV  
  71  7:18  Cyclone  
  77  7:22  Cyclone  
  77  7:24  Factory  
  77  7:37  Missile Turret  
  77  7:41  Missile Turret  
  77  7:42  Missile Turret x2  
  77  7:47  SCV  
  77  7:50  Cyclone  
  81  7:52  Supply Depot  
  81  7:53  Supply Depot  
  81  7:55  Missile Turret  
  81  7:57  Widow Mine  
  83  7:58  Orbital Command  
  83  8:07  Sensor Tower  
  83  8:10  Widow Mine  
  83  8:11  Widow Mine  
  87  8:13  Armory  
  87  8:16  Orbital Command, Armory  
  87  8:17  Orbital Command  
  87  8:18  Widow Mine  
  89  8:22  Widow Mine  
  91  8:32  Widow Mine x2  
  95  8:39  Cyclone  
  98  8:44  Widow Mine  
  100  8:53  Widow Mine  
  96  9:03  Widow Mine  
  96  9:05  Widow Mine  
  96  9:06  Orbital Command, Terran Vehicle Weapons Level 1, Terran Vehicle And Ship Armor Level 1  
  96  9:07  Drilling Claws  
  100  9:12  Widow Mine  
  99  9:36  Cyclone x2  
  99  9:37  Widow Mine x2  
  94  9:58  Widow Mine  
  98  10:00  Widow Mine  
  98  10:06  Refinery  
  98  10:07  Supply Depot, Command Center  
  98  10:08  Widow Mine, Siege Tank  
  98  10:11  Refinery  
  103  10:20  SCV x2  
  101  10:29  Siege Tank  
  104  10:40  Siege Tank  
  107  10:43  Sensor Tower  
  102  11:07  Sensor Tower  
  102  11:10  Supply Depot  
  105  11:20  SCV x2  
Tags
 
Add a new tag
Caveats
  • Supply blocks, unpowered buildings, or Contaminate may cause inaccurate times.
  • Supply counts are checked every 10 seconds.